 Dungeon Sprint DCSS version 0.28-a0-1234-g826d19b2e0 (webtiles) character file.

Game seed: 11292693884701921592

2047 mhtbhm the Fighter (level 9, -9/92 HPs)
             Began as a Minotaur Fighter on Dec 24, 2021.
             Was an Initiate of Gozag.
             Mangled by a nine-headed hydra (10 damage)
             ... in the Dungeon (Sprint IX: "|||||||||||||||||||||||||||||").
             The game lasted 00:01:52 (1020 turns).

mhtbhm the Fighter (Minotaur Fighter)               Turns: 1020, Time: 00:01:53

Health: -9/92      AC: 12    Str: 26    XL:     9   Next: 4%
Magic:  8/8        EV: 11    Int: 11    God:    Gozag
Gold:   702        SH:  6    Dex:  9    Spells: 8/8 levels left

rFire   . . .      SeeInvis .   a - +2 scimitar (holy)
rCold   . . .      Faith    .   c - +0 buckler
rNeg    . . .      Spirit   .   b - +1 scale mail
rPois   .          Reflect  .   (helmet restricted)
rElec   .          Harm     .   m - +0 cloak
rCorr   .          Rampage  .   (no gloves)
Will    .....      NoTele   +   (no boots)
Stlth   ..........              (no amulet)
HPRegen 0.25/turn               n - +3 ring of intelligence
MPRegen 0.11/turn               o - +3 ring of intelligence

@: gold aura
A: horns 2, retaliatory headbutt
a: Renounce Religion, Potion Petition, Call Merchant, Bribe Branch


You were in the Dungeon.
You worshipped Gozag.
Gozag was pleased with you.
You visited 1 branch You collected 702 gold pieces.

Inventory:

Hand Weapons
 a - a +2 scimitar of holy wrath (weapon)
Armour
 b - a +1 scale mail (worn)
 c - a +0 buckler (worn)
 m - a +0 cloak (worn)
Jewellery
 n - a +3 ring of intelligence (left hand)
 o - a +3 ring of intelligence (right hand)
Wands
 l - a wand of iceblast (3)
Scrolls
 k - 2 scrolls of amnesia
Potions
 d - a potion of might
 e - 5 potions of curing
 f - a potion of heal wounds
 g - a potion of haste
 h - 4 potions of magic
 i - a potion of invisibility


   Skills:
 + Level 12.8 Fighting
 + Level 12.7 Long Blades
 + Level 12.7 Armour
 + Level 2.1 Dodging
 + Level 12.0 Shields
 + Level 0.8 Evocations


You had 8 spell levels left.
You didn't know any spells.
Your spell library was empty.

Dungeon Overview and Level Annotations

Branches:
Dungeon (1/1)

Altars:
Cheibriados
Dithmenos
Elyvilon
Fedhas
Gozag
Hepliaklqana
Kikubaaqudgha
Makhleb
Nemelex Xobeh
Okawaru
Qazlal
Ru
Sif Muna
Trog
Uskayaw
Vehumet
Wu Jian
Xom
Yredelemnul
Zin
The Shining One
Beogh
Jiyva
Lugonu


Innate Abilities, Weirdness & Mutations

You have a pair of horns on your head.
You reflexively headbutt those who attack you in melee.


Message History

The nine-headed hydra is severely wounded.
The nine-headed hydra closely misses you.
You furiously retaliate!
You headbutt the nine-headed hydra! The nine-headed hydra bites you!
You block the nine-headed hydra's attack.
The nine-headed hydra bites you.
The nine-headed hydra closely misses you. x2
The nine-headed hydra misses you.
The nine-headed hydra bites you but does no damage.
The nine-headed hydra bites you!
You barely miss the nine-headed hydra.
Your headbutt misses the nine-headed hydra.
The nine-headed hydra is severely wounded.
The cyan ugly thing is distracted by your dazzling golden aura.
The nine-headed hydra bites you.
The nine-headed hydra closely misses you.
The nine-headed hydra bites you! x3
* * * LOW HITPOINT WARNING * * *
The nine-headed hydra bites you but does no damage.
You block the nine-headed hydra's attack.
The nine-headed hydra bites you!
* * * LOW HITPOINT WARNING * * *
The nine-headed hydra bites you!
* * * LOW HITPOINT WARNING * * *
Okay, then.
You feel much better. The nine-headed hydra bites you.
* * * LOW HITPOINT WARNING * * *
The nine-headed hydra barely misses you.
The nine-headed hydra bites you!
* * * LOW HITPOINT WARNING * * *
The nine-headed hydra bites you!
* * * LOW HITPOINT WARNING * * *
The nine-headed hydra closely misses you.
You block the nine-headed hydra's attack.
The nine-headed hydra bites you.
* * * LOW HITPOINT WARNING * * *
You block the nine-headed hydra's attack.
The nine-headed hydra bites you!
You die...
Your body crumbles into a pile of gold. ▓▓▓▓▓▓▓▓▓▓▓▓▓▓▓▓▓▓▓▓▓▓▓▓▓▓▓▓▓▓▓ _______'..).[[..@D)..$u.$uyc... ▓▓▓▓▓▓▓▓▓▓▓▓▓▓▓▓▓▓▓▓▓▓▓▓▓▓▓▓▓▓▓ $ $ $$$$$$ $$$$$ $ $ $ $$$$$

You could see a nine-headed hydra and a cyan ugly thing (unaware).

Vanquished Creatures
  A two-headed ogre (D)
  An ugly thing (D)
  2 yaks (D)
  2 vampire mosquitoes (D)
  A water moccasin (D)
  An acid dragon (D)
  An orc warrior (D)
  A necrophage (D)
  An ogre (D)
  A howler monkey (D)
  A hound (D)
  An adder zombie (D)
  An endoplasm (D)
  A giant cockroach (D)
  A bat (D)
  A kobold (D)
  A rat (D)
19 creatures vanquished.

Notes
Turn   | Place    | Note
-------+----------+-------------------------------------------
     0 | D        | mhtbhm the Minotaur Fighter began the quest for the Orb.
     0 | D        | Reached XP level 1. HP: 19/19 MP: 0/0
    11 | D        | Banished a spatial maelstrom
   104 | D        | Noticed a hound
   104 | D        | Noticed a necrophage
   104 | D        | Noticed an ogre
   104 | D        | Noticed a water moccasin
   114 | D        | Killed a hound
   115 | D        | Reached skill level 5 in Fighting
   115 | D        | Reached skill level 5 in Armour
   115 | D        | Reached skill level 5 in Shields
   115 | D        | Reached XP level 2. HP: 17/29 MP: 1/1
   115 | D        | Reached XP level 3. HP: 21/36 MP: 2/2
   116 | D        | Killed a necrophage
   117 | D        | Reached skill level 5 in Long Blades
   117 | D        | Reached XP level 4. HP: 40/45 MP: 3/3
   119 | D        | Killed an ogre
   120 | D        | Reached XP level 5. HP: 27/53 MP: 4/4
   122 | D        | Killed a water moccasin
   123 | D        | Reached XP level 6. HP: 27/63 MP: 5/5
   130 | D        | Found a snail-covered altar of Cheibriados.
   130 | D        | Found a shadowy altar of Dithmenos.
   130 | D        | Found a white marble altar of Elyvilon.
   130 | D        | Found a blossoming altar of Fedhas.
   130 | D        | Found an opulent altar of Gozag.
   131 | D        | Found a hazy altar of Hepliaklqana.
   140 | D        | Found a viscous altar of Jiyva.
   141 | D        | Found an ancient bone altar of Kikubaaqudgha.
   142 | D        | Found a corrupted altar of Lugonu.
   143 | D        | Found a burning altar of Makhleb.
   144 | D        | Found a sparkling altar of Nemelex Xobeh.
   145 | D        | Found an iron altar of Okawaru.
   146 | D        | Found a stormy altar of Qazlal.
   147 | D        | Found a sacrificial altar of Ru.
   148 | D        | Found a shimmering blue altar of Sif Muna.
   152 | D        | Became a worshipper of Gozag Ym Sagoz the Greedy
   394 | D        | Found a bloodstained altar of Trog.
   395 | D        | Found a hide-covered altar of Uskayaw.
   396 | D        | Found a radiant altar of Vehumet.
   397 | D        | Found an ornate altar of the Wu Jian Council.
   398 | D        | Found a shimmering altar of Xom.
   399 | D        | Found a basalt altar of Yredelemnul.
   400 | D        | Found a glowing silver altar of Zin.
   401 | D        | Found a glowing golden altar of the Shining One.
   448 | D        | Noticed a yak
   448 | D        | Noticed an acid dragon
   448 | D        | Noticed an orc warrior
   448 | D        | Noticed a yak
   448 | D        | Noticed a two-headed ogre
   450 | D        | Killed a yak
   451 | D        | Reached skill level 10 in Armour
   455 | D        | Killed an acid dragon
   456 | D        | Reached skill level 10 in Fighting
   456 | D        | Reached skill level 10 in Shields
   456 | D        | Reached XP level 7. HP: 56/72 MP: 6/6
   591 | D        | Killed a yak
   647 | D        | Killed a two-headed ogre
   648 | D        | Reached skill level 1 in Dodging
   648 | D        | Reached XP level 8. HP: 60/83 MP: 7/7
   750 | D        | Noticed a brown ugly thing
   750 | D        | Noticed a seven-headed hydra
   750 | D        | Noticed a cyan ugly thing
   750 | D        | Noticed a centaur warrior
   758 | D        | Killed a brown ugly thing
  1015 | D        | Reached XP level 9. HP: 92/92 MP: 8/8
  1019 | D        | HP: 4/92 [nine-headed hydra (13)]
  1020 | D        | HP: 1/92 [nine-headed hydra (5)]
  1020 | D        | Mangled by a nine-headed hydra

Illustrated notes

Levels and vault maps discovered:
D:        linesprint [early_d, line_temple, items_1, d_10, items_2, lair_1,
          lair_end, items_3, orc_1, orc_end, items_4, d_15, swamp_1, shoals_1,
          snake_1, spider_1, d_20, vaults_1, items_5, swamp_end, shoals_end,
          snake_end, spider_end, vaults_end, d_27, items_6, zot_1, zot_end,
          crypt_end, forest_end, elf_end, slime_end, tomb_end, abyss_end,
          pan_hell_end]

Skill      XL: |  1  2  3  4  5  6  7  8 |
---------------+-------------------------+-----
Fighting       | 5 6 8 9 10 12 | 12.8
Armour         | 5 7 8 9 10 11 12 | 12.7
Shields        | 5 6 7 8 10 11 12 | 12.0
Long Blades    | 3 5 6 8 11 12 | 12.7
Dodging        | 1 2 |  2.1
Evocations     | |  0.8

Action                   |  1- 3 |  4- 6 |  7- 9 || total
-------------------------+-------+-------+-------++-------
Melee: Long sword        |    25 |     8 |       ||    33
       Headbutt          |     2 |     3 |     5 ||    10
       Scimitar          |       |     7 |    29 ||    36
Evoke: Wand              |       |       |     7 ||     7
  Use: Potion            |     1 |       |     2 ||     3
       Scroll            |       |       |     2 ||     2
Armor: Scale mail        |    10 |     3 |     6 ||    19
Dodge: Dodged            |    18 |     3 |    21 ||    42
Block: Buckler           |     5 |     3 |    13 ||    21

Table legend: (Time is in decaauts)
 A = Elapsed time spent in this place.
 B = Non-inter-level travel time spent in this place.
 C = Inter-level travel time spent in this place.
 D = Time resting spent in this place.
 E = Time spent auto-exploring this place.
 F = Levels seen in this place.
 G = Mean time per level.
                   A        B        C        D        E       F      G
               +--------+--------+--------+--------+--------+-----+--------+
         Total |   1025 |   1025 |      0 |    714 |      3 |   1 | 1025.0 |
       Dungeon |   1025 |   1025 |      0 |    714 |      3 |   1 | 1025.0 |
               +--------+--------+--------+--------+--------+-----+--------+

Top non-repeatable levels by time:
       D: 1025 daAuts
